 Dungeon Crawl Stone Soup version 0.31-a0-963-ga325b2283a (webtiles) character file.

Game seed: 2321079036277779007

622617 Dirtsage the Demonic Blade (level 25, -17/273 HPs)
             Began as a Demonspawn Fighter on Oct 22, 2023.
             Was a High Priest of Wu Jian.
             Demolished by Kuatras the pandemonium lord (35 damage)
             ... in Pandemonium on Oct 24, 2023.
             The game lasted 03:10:06 (47386 turns).

Dirtsage the Demonic Blade (Demonspawn Fighter)    Turns: 47386, Time: 03:10:07

Health: -17/273    AC: 21    Str: 21 (22) XL:     25   Next: 30%
Magic:  0/39       EV: 29    Int: 14      God:    Wu Jian [*****.]
Gold:   4557       SH: 29    Dex: 16 (24) Spells: 40/48 levels left

rFire   + + .        c - +9 demon blade (freeze)
rCold   + + +        a - +8 tower shield
rNeg    + . .        j - +3 ring mail "Cuted" {Drain rF++ rC+ Regen+}
rPois   .            (helmet unavailable)
rElec   +            S - scarf of Defiance {repulsion, Regen+}
rCorr   .            U - +0 pair of gloves of Datu {Str+5 Dex+4}
SInv    +            X - +3 pair of mountain boots {steadfast, rC+}
Will    ++...        o - amulet of the Hero {Will+ Regen+}
Stlth   +            A - ring of the Hare {EV+10}
HPRegen 3.05/turn    T - ring "Enahos" {rElec rC++ rN+ Int+2 Dex-2 SInv}
MPRegen 0.52/turn

%: repel missiles, guardian spirit
@: wereblooded, studying Air Magic
A: horns 3, foul stench 2, robust 3, magic shield, magic regeneration, magic
link, sharp scales 3, screaming 1
}: 6/15 runes: decaying, serpentine, slimy, silver, abyssal, demonic
a: Renounce Religion, Wall Jump, Serpent's Lash, Heavenly Storm


You were in Pandemonium.
You worshipped Wu Jian.
Wu Jian was extremely pleased with you.
You visited 10 branches of the dungeon, and saw 48 of its levels.
You visited Pandemonium 1 time, and saw 4 of its levels.
You visited the Abyss 3 times.
You also visited: Volcano, Wizlab and Desolation.

You collected 9205 gold pieces.
You spent 4648 gold pieces at shops.

Inventory:

Hand Weapons
 c - a +9 demon blade of freezing (weapon)
Missiles
 F - 3 throwing nets
 M - 19 curare-tipped darts
Armour
 a - a +8 tower shield (worn)
 j - the +3 ring mail "Cuted" (worn) {Drain rF++ rC+ Regen+}
   (You found it on level 2 of the Dungeon)

   rF++:      It greatly protects you from fire.
   rC+:       It protects you from cold.
   Regen+:    It increases your rate of health regeneration.
   Drain:     It drains your maximum health when unequipped.
 S - the scarf of Defiance (worn) {repulsion, Regen+}
   (You found it on level 5 of the Pits of Slime)

   Regen+:    It increases your rate of health regeneration.
 U - the +0 pair of gloves of Datu (worn) {Str+5 Dex+4}
   (You acquired it in Pandemonium)

   Str+5:     It affects your strength (+5).
   Dex+4:     It affects your dexterity (+4).
 X - the +3 pair of mountain boots (worn) {steadfast, rC+}
   (You found it on level 5 of the Vaults)

   Steadfast: It prevents involuntary movement, except for blinking,
   teleportation, or banishment.
   rC+:       It protects you from cold.
Jewellery
 f - the ring "Trusted Companion" {Wiz *Corrode rPois Int+5}
   (You found it in the Desolation of Salt)

   [ring of wizardry]

   Wiz:       It improves your spell success rate.
   Int+5:     It affects your intelligence (+5).
   rPois:     It protects you from poison *Corrode: It may corrode you when you
   take damage.
 o - the amulet of the Hero (around neck) {Will+ Regen+}
   (You acquired it on level 8 of the Dungeon)

   [amulet of regeneration]

   Will+:     It increases your willpower.
   Regen+:    It increases your rate of health regeneration.
 x - the amulet of Temepad {Acrobat rC- rCorr Int+4 Stlth+}
   (You found it in Pandemonium)

   [amulet of the acrobat]

   Acrobat:   It increases your evasion while moving and waiting.
   Int+4:     It affects your intelligence (+4).
   rC-:       It makes you vulnerable to cold.
   rCorr:     It protects you from acid and corrosion.
   Stlth+:    It makes you more stealthy.
 A - the ring of the Hare (left hand) {EV+10}
   (You found it in the Desolation of Salt)

   [ring of evasion]

   EV+10:     It affects your evasion (+10).
 I - a ring of protection from cold
 P - the ring of Lemeckar {rC- Will+++ MP+9 Str+2 Dex-5}
   (You found it in Pandemonium)

   [ring of magical power]

   Str+2:     It affects your strength (+2).
   Dex-5:     It affects your dexterity (-5).
   rC-:       It makes you vulnerable to cold.
   Will+++:   It greatly increases your willpower.
   MP+9:      It affects your magic capacity (+9).
 T - the ring "Enahos" (right hand) {rElec rC++ rN+ Int+2 Dex-2 SInv}
   (You bought it in a shop on level 2 of the Snake Pit)

   [ring of see invisible]

   Int+2:     It affects your intelligence (+2).
   Dex-2:     It affects your dexterity (-2).
   rC++:      It greatly protects you from cold.
   rElec:     It insulates you from electricity.
   rN+:       It protects you from negative energy.
   SInv:      It lets you see invisible.
 Y - the ring "Qiatz" {rElec Str+3 Slay+4}
   (You found it on level 1 of the Swamp)

   [ring of slaying]

   Str+3:     It affects your strength (+3).
   Slay+4:    It affects your accuracy & damage with ranged weapons and melee
   (+4).
   rElec:     It insulates you from electricity.
Wands
 D - a wand of digging (14)
 L - a wand of light (40)
Scrolls
 e - 2 scrolls of torment
 g - 6 scrolls of fear
 k - 5 scrolls of revelation
 r - a scroll of brand weapon
 s - 16 scrolls of immolation
 t - 12 scrolls of teleportation
 u - 3 scrolls of enchant weapon
 y - 9 scrolls of fog
 z - a scroll of summoning
 B - 14 scrolls of blinking
 H - 5 scrolls of silence
 J - 12 scrolls of poison
 V - 12 scrolls of noise
 Z - 7 scrolls of vulnerability
Potions
 b - 4 potions of ambrosia
 d - 7 potions of might
 h - 6 potions of haste
 i - 3 potions of invisibility
 l - 8 potions of heal wounds
 m - 4 potions of cancellation
 n - a potion of resistance
 p - 4 potions of magic
 q - 16 potions of curing
 w - 4 potions of brilliance
 E - 5 potions of attraction
 G - 11 potions of mutation
 K - 4 potions of lignification
 N - 4 potions of berserk rage
 Q - a potion of experience
 R - 13 potions of enlightenment
Miscellaneous
 v - a lightning rod (4/4)
 C - a tin of tremorstones (2/2)
 O - a phial of floods
 W - a phantom mirror


   Skills:
 + Level 19.7 Fighting
 + Level 22.5 Long Blades
 + Level 17.1 Armour
 + Level 16.8 Dodging
 * Level 18.7 Shields
 + Level 12.4 Spellcasting
 + Level 5.3 Translocations
 - Level 8.3 Transmutations
 + Level 7.8 Air Magic
 - Level 6.1 Evocations


You had 40 spell levels left.
You knew the following spells:

 Your Spells              Type           Power      Damage    Failure   Level
a - Wereblood             Tmut           32%        N/A       1%          2
b - Vhi's Electric Charg  Tloc/Air       54%        N/A       14%         4
c - Lesser Beckoning      Tloc           46%        N/A       3%          2

Your spell library contained the following spells:

 Spells                   Type           Power      Damage    Failure   Level
 Apportation              Tloc           46%        N/A       2%          1
 Swiftness                Air            30%        N/A       2%          3
 Blink                    Tloc           46%        N/A       3%          2
 Shock                    Conj/Air       76%        1d7       4%          1
 Sting                    Tmut/Pois      80%        1d7       4%          1
 Passwall                 Tmut/Erth      16%        N/A       6%          2
 Poisonous Vapours        Pois/Air       38%        N/A       7%          2
 Gell's Gravitas          Tloc           23%        N/A       8%          3
 Teleport Other           Tloc           23%        N/A       8%          3
 Airstrike                Air            15%        2d(3-19)  9%          4
 Cigotuvi's Dreadful Rot  Necr/Pois/Air  32%        N/A       12%         2
 Foxfire                  Conj/Fire      32%        2x1d5     22%         1
 Magic Dart               Conj           32%        1d4       22%         1
 Ignite Poison            Fire/Tmut/Pois 16%        N/A       22%         3
 Mephitic Cloud           Conj/Pois/Air  16%        N/A       22%         3
 Volatile Blastmotes      Fire/Tloc      32%        2d12      22%         3
 Passage of Golubria      Tloc           23%        N/A       24%         4
 Call Imp                 Summ           16%        N/A       32%         2
 Scorch                   Fire           16%        2d5       32%         2
 Sublimation of Blood     Necr           8%         N/A       32%         2
 Petrify                  Tmut/Erth      20%        N/A       36%         4
 Summon Lightning Spire   Summ/Air       19%        N/A       41%         4
 Call Canine Familiar     Summ           8%         N/A       54%         3
 Confusing Touch          Hex            8%         N/A       54%         3
 Inner Flame              Hex/Fire       8%         N/A       54%         3
 Ozocubu's Armour         Ice            8%         N/A       54%         3
 Sigil of Binding         Hex            8%         N/A       54%         3
 Stone Arrow              Conj/Erth      16%        3d8       54%         3
 Summon Guardian Golem    Hex/Summ       8%         N/A       54%         3
 Tukima's Dance           Hex            8%         N/A       54%         3
 Vampiric Draining        Necr           8%         2d6       54%         3
 Dimensional Bullseye     Hex/Tloc       8%         N/A       58%         4
 Iskenderun's Mystic Bla  Conj/Tloc      16%        2d5       58%         4
 Yara's Violent Unravell  Hex/Tmut       10%        3d6       73%         5
 Arcjolt                  Conj/Air       9%         1d19      77%         5
 Anguish                  Hex/Necr       4%         N/A       91%         4
 Animate Armour           Summ/Erth      16%        N/A       91%         4
 Animate Dead             Necr           8%         N/A       91%         4
 Cause Fear               Hex            4%         N/A       91%         4
 Flame Wave               Conj/Fire      8%         2d5       91%         4
 Fulminant Prism          Conj/Hex       4%         3d5       91%         4
 Leda's Liquefaction      Hex/Erth       4%         N/A       91%         4
 Olgreb's Toxic Radiance  Pois           8%         N/A       91%         4
 Sticky Flame             Conj/Fire      8%         2d3       91%         4
 Freezing Cloud           Conj/Ice/Air   8%         6-21      91%         5
 Agony                    Necr           8%         N/A       99%         5
 Fireball                 Conj/Fire      4%         3d4       99%         5
 Lee's Rapid Deconstruct  Erth           4%         3d5*      99%         5
 Metabolic Englaciation   Hex/Ice        4%         N/A       99%         5
 Bombard                  Conj/Erth      4%         9d2       100%        6
 Plasma Beam              Fire/Air       9%         2x1d20    100%        6
 Simulacrum               Ice/Necr       4%         N/A       100%        6
 Starburst                Conj/Fire      4%         6d3       100%        6
 Haunt                    Necr/Summ      4%         N/A       100%        7
 Orb of Destruction       Conj           4%         9d5       100%        7
 Ozocubu's Refrigeration  Ice            4%         4d8       100%        7
 Spellforged Servitor     Conj/Summ      4%         N/A       100%        7
 Summon Hydra             Summ           4%         N/A       100%        7
 Borgnjor's Revivificati  Necr           4%         N/A       100%        8
 Ignition                 Fire           4%         3d4       100%        8
 Infestation              Necr           4%         N/A       100%        8
 Lehudib's Crystal Spear  Conj/Erth      4%         10d3      100%        8
 Maxwell's Capacitive Co  Air            15%        ∞         100%        8
 Chain Lightning          Conj/Air       9%         3d12      100%        9
 Death's Door             Necr           4%         N/A       100%        9
 Dragon's Call            Summ           4%         N/A       100%        9
 Fire Storm               Conj/Fire      4%         8d1       100%        9
 Shatter                  Erth           4%         3d7*      100%        9


Dungeon Overview and Level Annotations

Branches:
Dungeon (15/15)            Temple (1/1) D:5            Lair (5/5) D:10
  Swamp (4/4) Lair:3        Snake (4/4) Lair:2        Slime (5/5) Lair:4
    Orc (2/2) D:10            Elf (3/3) Orc:2        Vaults (5/5) D:14
  Crypt (0/3) Vaults:2     Depths (4/4) D:15            Zot (0/5) Depths:4
Volcano (visited)          WizLab (visited)         Desolation (visited)

Altars:
Ashenzari
Cheibriados
Dithmenos
Fedhas
Gozag
Hepliaklqana
Kikubaaqudgha
Makhleb
Nemelex Xobeh
Okawaru
Qazlal
Ru
Sif Muna
Trog
Uskayaw
Vehumet
Wu Jian
Xom
Yredelemnul
Jiyva

Shops:
Orc:1 ?   Orc:2 ?[!:   Elf:3 ?   Snake:2 *[?   Vaults:2 (   Vaults:5 [
Depths:1 (([!*

Portals:
Hell: Depths:1 Depths:2 Depths:3 Depths:4
Abyss: Depths:2 Depths:3 Depths:4
Pandemonium: Depths:2
Ziggurat: Depths:4

Annotations:
Lair:4 3 runed translucent doors, Kely's ghost, journeyman OpSh


Innate Abilities, Weirdness & Mutations

You have a pair of large horns on your head.
You sometimes emit foul miasma when damaged in melee.
You are extremely robust. (+30% HP)
When hurt, damage is shared between your health and your magic reserves.
You regenerate magic rapidly.
When low on magic, you restore magic in place of health.
You are completely covered in razor-sharp scales. (AC +3, Slay +3)
You occasionally shout uncontrollably at your foes.


Message History

Kuatras is heavily wounded.
You howl as the wereblood boils in your veins!
You feel sick.
Kuatras tramples you but does no damage.
You block Kuatras's attack.
You slash Kuatras! You freeze Kuatras. Your headbutt misses Kuatras.
Kuatras is heavily wounded.
You block Kuatras's attack. x2
The smoke demon gestures at you. Something smites you!
* * * LOW HITPOINT WARNING * * *
You take 8 damage, and have 61/273 hp.
You now have 14/39 mp.
You closely miss Kuatras.
Kuatras is heavily wounded.
You feel sick. You block Kuatras's attack. x2
You barely miss Kuatras. Your headbutt misses Kuatras.
Kuatras is heavily wounded.
You feel sick.
You are no longer poisoned.
Kuatras tramples you!!!
* * * LOW HITPOINT WARNING * * *
Your boots keep you from being knocked back.
You hold your ground!
You block Kuatras's attack.
You take 46 damage, and have 16/273 hp.
You now have 4/39 mp.
You slash Kuatras! You freeze Kuatras. Your headbutt misses Kuatras.
Kuatras is heavily wounded.
You block Kuatras's attack. x2
You regained 3 mp, and now have 7/39 mp.
You hit Kuatras. You headbutt Kuatras!
Kuatras is severely wounded.
You block Kuatras's attack.
You regained 3 mp, and now have 10/39 mp.
You slash Kuatras! You freeze Kuatras. Your headbutt misses Kuatras.
Kuatras is severely wounded.
You block Kuatras's attack. x2
You regained 2 mp, and now have 12/39 mp.
You closely miss Kuatras. You headbutt Kuatras!
Kuatras is severely wounded.
Kuatras tramples you!!!
You die...

###......# ####### ....#....#
#.....# ##..#....# #.....#
##..#....# ### #.....#
..).###### ### #(# #.3...#
#..)###### #.# #.# #2....#
....##...# #.# #☼# #634..#
##..##...#####.###3##.#.##.62..#
.....#..........@&63....##614..#
####.#...#####.###2##.#.##3....#
.....#...# #.# #°# #.....#
..##.#...# #/# #.# #.....#
....^#...# ### #/# #.......
####.'...# ### #####... ###...#
... ###.# # #.##


You could see Kuatras (fast, strong), a demonspawn blood saint, a green death
(agile), a sun demon (strong, resistant) and a smoke demon (fast, resistant).

Vanquished Creatures
  the Royal Jelly (Slime:5)
  A dread lich (Vaults:5)
  An ancient lich (Depths:4)
  A pandemonium lord (Pan)
  Bai Suzhen (Elf:3)
  the Lernaean hydra (Swamp:4)
  A caustic shrike (Depths:4)
  2 golden dragons
  A mutant beast (WizLab)
  Norris (Vaults:1)
  2 bone dragons (Abyss:4)
  A Brimstone Fiend (Pan)
  3 Tzitzimimeh (Pan)
  Jorgrun (Elf:1)
  A tentacled monstrosity (Vaults:5)
  Asterion (Depths:2)
  An Ice Fiend (Pan)
  Rupert (D:15)
  3 liches
  3 deep elf blademasters
  5 Executioners
  22 acid blobs
  2 deep elf master archers (Elf:3)
  4 titans
  A tentacled starspawn (Abyss:4)
  7 sphinxes
  2 thorn hunters
  Frances (Elf:1)
  7 tengu reavers
  3 shadow dragons
  A fenstrider witch (Swamp:3)
  3 storm dragons
  Kirke (Elf:1)
  Donald (Elf:1)
  12 rockslimes
  8 nagarajas
  13 azure jellies (Slime:5)
  3 demonspawn warmongers (Pan)
  11 deep elf sorcerers
  An imperial myrmidon (Desolation)
  4 fire giants
  A frost giant (shapeshifter) (Depths:1)
  A draconian knight (Depths:4)
  16 vault wardens
  4 iron dragons
  11 frost giants
  A ghost moth (shapeshifter) (WizLab)
  A ghoul (Swamp:1)
  Louise (Swamp:4)
  3 balrugs
  4 cacodemons (Pan)
  2 caustic shrike skeletons (Depths:4)
  11 ironbound preservers
  A juggernaut zombie (Depths:4)
  An orc warlord (Vaults:4)
  4 deep elf elementalists
  10 quicksilver oozes
  The ghost of Ywiyc the Fighter, a journeyman MeFi of Hepliaklqana (Swamp:1)
  2 war gargoyles
  21 stone giants
  15 very ugly things
  4 formless jellyfish
  4 spriggan defenders (Depths:4)
  4 ironbound thunderhulks
  8 reapers (Pan)
  2 demonspawn blood saints (Pan)
  2 vampire knights
  5 demonspawn corrupters (Pan)
  The ghost of t4s4d4r the Devastator, a journeyman OpEE of Gozag (Lair:5)
  3 demonspawn black suns (Pan)
  A lorocyproca (Pan)
  A red draconian (Volcano)
  13 deep elf demonologists
  15 deep elf annihilators
  2 bunyips
  5 dire elephants
  A halazid warlock (Desolation)
  A minotaur (Lair:1)
  10 spark wasps
  An eidolon (Vaults:3)
  3 jiangshi (Depths:1)
  5 crystal guardians
  A merfolk javelineer (Depths:3)
  12 ettins
  A blizzard demon (Pan)
  4 deep elf high priests
  10 deep elf death magi
  4 green deaths (Pan)
  5 ragged hierophants (Desolation)
  An entropy weaver (shapeshifter) (WizLab)
  7 fire dragons
  2 shambling mangroves (Abyss:4)
  13 yaktaur captains
  5 servants of whispers (Desolation)
  28 hydras
  7 rakshasas
  9 ice dragons
  6 peacekeepers
  3 entropy weavers
  2 ogre magi
  2 salamander tyrants
  31 vault guards
  20 great orbs of eyes
  4 boulder beetles
  15 centaur warriors
  7 alligators
  3 ghost crabs
  6 anacondas
  A death knight (D:15)
  Erica (D:8)
  5 catoblepae
  27 dancing weapons
  19 death yaks
  The ghost of Flugkiller the Nimble, a journeyman FeCK of Xom (Lair:1)
  12 ironbound frosthearts
  10 naga warriors
  5 deep troll earth magi
  2 two-headed ogres
  4 deep troll shamans
  A satyr (Abyss:4)
  10 shock serpents
  4 vampire magi
  13 tengu warriors
  11 demonic crawlers (Pan)
  6 naga sharpshooters
  3 orc high priests
  8 thrashing horrors
  4 spriggan berserkers
  Urug (Lair:2)
  4 occultists
  3 wretched stars
  6 hell knights
  4 sixfirhies (Pan)
  A spatial maelstrom (Abyss:4)
  Amaemon (Lair:3)
  A shadow wraith (Abyss:2)
  15 sun demons
  6 iron trolls
  2 skysharks (Vaults:1)
  13 deep elf knights
  A spectral spriggan (D:15)
  10 soul eaters (Pan)
  5 goliath frogs
  11 skeletal warriors
  A fire crab (Vaults:3)
  5 salamander mystics
  2 fire crabs (shapeshifter)
  A spectral spark wasp (D:15)
  34 deep trolls
  A death drake (shapeshifter) (WizLab)
  5 spriggan druids
  An orb spider (shapeshifter) (Depths:3)
  A glowing orange brain (shapeshifter) (Depths:4)
  3 sea snakes
  4 shadow demons (Pan)
  7 bog bodies
  The ghost of Yohl the Geomancer, a novice FoEE of Dithmenos (D:15)
  5 phantasmal warriors
  10 swamp dragons
  A shadow dragon zombie (Vaults:4)
  6 glowing orange brains
  10 lindwurms
  2 harpies (shapeshifter) (WizLab)
  7 deep elf archers
  8 naga ritualists
  13 ironbound convokers
  2 orc knights (Vaults:4)
  30 deep elf pyromancers
  10 necromancers
  A tengu zombie (Vaults:4)
  A spectral ettin (D:15)
  4 harpies (Vaults:3)
  8 arcanists
  A fire giant zombie (Vaults:4)
  8 mana vipers
  28 deep elf zephyrmancers
  A wolf spider (shapeshifter) (Vaults:5)
  A salamander (shapeshifter) (WizLab)
  3 will-o-the-wisps (Swamp:3)
  5 manticores
  7 orc sorcerers
  49 ugly things
  4 shining eyes
  5 cyclopes
  A moth of wrath (shapeshifter) (Vaults:5)
  2 human zombies (Vaults:4)
  13 salamanders
  4 worldbinders
  2 stone giant zombies
  12 elephants (Lair:5)
  4 guardian serpents
  Joseph (D:8)
  2 elephants (shapeshifter) (WizLab)
  42 black mambas
  6 molten gargoyles
  14 naga magi
  An apocalypse crab (Abyss:4)
  18 vault sentinels
  An eye of devastation (Slime:5)
  8 orange demons
  2 cane toads (shapeshifter) (WizLab)
  A water nymph (Abyss:4)
  A rust devil (Pan)
  8 smoke demons
  A torpor snail (shapeshifter) (Vaults:4)
  3 hellions (Pan)
  8 rime drakes
  3 unseen horrors
  5 gargoyles
  9 cane toads
  2 rime drakes (shapeshifter)
  33 yaktaurs
  An efreet (D:13)
  A komodo dragon (shapeshifter) (WizLab)
  31 large abominations
  4 ice devils
  3 freezing wraiths
  6 komodo dragons
  A burning bush (Lair:3)
  2 tengu conjurers
  7 tormentors (Pan)
  2 ancient zymes (Abyss:4)
  2 yaktaurs (shapeshifter) (WizLab)
  A queen bee (Lair:1)
  2 bloated husks
  2 queen bees (shapeshifter)
  9 tyrant leeches
  2 red devils
  A tengu simulacrum (D:15)
  2 meliai (shapeshifter) (WizLab)
  2 polar bears
  6 trolls
  3 meliai (D:15)
  14 hornets
  8 raiju (Abyss:4)
  5 tarantellas (shapeshifter) (WizLab)
  7 hellwings
  2 blink frogs (shapeshifter)
  5 blink frogs
  A fire giant simulacrum (D:15)
  Grinder (D:3)
  6 glass eyes
  34 saltlings
  A frost giant simulacrum (D:15)
  A shadow (D:11)
  93 slime creatures
  2 air elementals
  Sigmund (D:2)
  6 water elementals
  A spriggan (shapeshifter) (Depths:4)
  12 spriggans
  57 yaks
  A slime creature (shapeshifter) (Vaults:3)
  3 wyverns
  4 wraiths
  19 humans (D:14)
  A naga simulacrum (Abyss:4)
  5 ynoxinuls
  Eustachio (D:4)
  A basilisk (shapeshifter) (WizLab)
  A vampire (D:11)
  3 golden eyes
  4 basilisks
  7 chaos spawn
  A yak (shapeshifter) (Elf:1)
  2 fire bats (Volcano)
  A golden eye (shapeshifter) (WizLab)
  3 hogs (Elf:1)
  A human (shapeshifter) (WizLab)
  A spriggan simulacrum (D:15)
  2 fire elementals (Vaults:3)
  2 steam dragons
  19 small abominations
  An iron golem (WizLab)
  10 neqoxecs
  2 death yak simulacra (Lair:5)
  A redback (shapeshifter) (WizLab)
  8 vampire mosquitoes
  6 wargs
  14 swamp worms
  33 nagas
  3 acid dragons
  A hell hound (Abyss:2)
  A hydra simulacrum (Lair:5)
  16 water moccasins
  3 ice beasts (D:8)
  25 orc warriors
  8 swamp drakes
  2 sky beasts
  A black bear (Lair:1)
  A black mamba simulacrum (Lair:5)
  A glowing shapeshifter skeleton (Vaults:4)
  3 black bears (shapeshifter)
  6 ogres
  32 starcursed masses
  21 wolves
  4 centaurs
  2 phantoms
  A kobold brigand (D:8)
  Blork the orc (D:5)
  11 bullfrogs
  A cane toad simulacrum (Lair:5)
  3 gnoll sergeants
  2 scorpions (D:6)
  3 earth elementals
  A glowing shapeshifter simulacrum (Vaults:4)
  10 wights
  A human simulacrum (Vaults:4)
  28 killer bees
  6 howler monkeys
  2 torpor snail simulacra (Lair:5)
  An electric eel (D:10)
  A crimson imp (Pan)
  2 quasits (D:11)
  7 lava snakes
  25 orc priests
  A gnoll bouda (D:9)
  3 jellies
  9 hounds
  2 iguanas
  Natasha (D:3)
  25 orc wizards
  7 hell rats (Lair:5)
  18 gnolls
  6 adders
  A white imp (D:6)
  5 ufetubi
  A worm (shapeshifter) (Vaults:5)
  4 worms
  62 orcs
  9 endoplasms
  3 giant cockroaches
  6 goblins
  8 hobgoblins
  16 kobolds
  4 quokkas
  8 ball pythons
  5 bats
  A frilled lizard (D:3)
  A goblin skeleton (D:6)
  A goblin zombie (D:6)
  2 hobgoblin zombies (D:6)
  2 orc skeletons (D:6)
  2 orc zombies (D:6)
  2 rats (D:1)
  A lurking horror (Abyss:4)
  3 spectral weapons (Depths:2)
  A starspawn tentacle (Abyss:4)
2244 creatures vanquished.

Vanquished Creatures (others)
  A fire giant (Depths:3)
  A cacodemon (Pan)
  A demonspawn corrupter (Pan)
  A blizzard demon (Pan)
  A naga sharpshooter (Snake:4)
  An occultist (Depths:4)
  A shadow demon (Pan)
  An ice devil (Pan)
  A hellwing (Pan)
  A hornet (Abyss:4)
  3 humans (Elf:1)
  A ynoxinul (Pan)
  A yak (Lair:5)
  A swamp worm (Swamp:2)
  An orc wizard (Orc:1)
  An orc (Orc:1)
  6 foxfires (Swamp:3)
  A lurking horror (Abyss:4)
  4 starspawn tentacles (Abyss:4)
29 creatures vanquished.

Grand Total: 2273 creatures vanquished

Notes
Turn   | Place    | Note
-------+----------+-------------------------------------------
     0 | D:1      | Dirtsage the Demonspawn Fighter began the quest for the
                  | Orb.
     0 | D:1      | Reached XP level 1. HP: 18/18 MP: 1/1
    38 | D:1      | Reached skill level 2 in Long Blades
   174 | D:1      | Gained mutation: You are partially covered in razor-sharp
                  | scales. (AC +1, Slay +1) [demonic ancestry]
   174 | D:1      | Reached XP level 2. HP: 23/24 MP: 2/2
   230 | D:1      | Found a faded altar of an unknown god.
   383 | D:1      | Reached skill level 3 in Long Blades
   753 | D:2      | Noticed Sigmund
   759 | D:2      | Killed Sigmund
   760 | D:2      | Reached skill level 5 in Long Blades
   760 | D:2      | Reached XP level 3. HP: 11/29 MP: 3/3
   760 | D:2      | Gained mutation: You are mostly covered in razor-sharp
                  | scales. (AC +2, Slay +2) [demonic ancestry]
   760 | D:2      | Reached XP level 4. HP: 14/35 MP: 4/4
   760 | D:2      | Gained mutation: You have a pair of small horns on your
                  | head. [demonic ancestry]
   760 | D:2      | Reached XP level 5. HP: 16/41 MP: 5/5
  1154 | D:2      | Identified the +3 ring mail "Cuted" {Drain rF++ rC+ Regen+}
  1573 | D:3      | Noticed Grinder
  1584 | D:3      | Killed Grinder
  1585 | D:3      | Reached skill level 6 in Long Blades
  1585 | D:3      | Gained mutation: You have a pair of horns on your head.
                  | [demonic ancestry]
  1585 | D:3      | Reached XP level 6. HP: 27/47 MP: 6/6
  1702 | D:3      | Noticed Natasha
  1709 | D:3      | Killed Natasha
  2028 | D:4      | Noticed Eustachio
  2060 | D:4      | Reached skill level 7 in Long Blades
  2060 | D:4      | Gained mutation: You have a pair of large horns on your
                  | head. [demonic ancestry]
  2060 | D:4      | Reached XP level 7. HP: 46/52 MP: 7/7
  2117 | D:4      | Killed Eustachio
  2577 | D:4      | Found an ancient bone altar of Kikubaaqudgha.
  2726 | D:4      | Reached skill level 8 in Long Blades
  2838 | D:5      | Entered Level 5 of the Dungeon
  2892 | D:5      | Found a staircase to the Ecumenical Temple.
  2910 | Temple   | Entered the Ecumenical Temple
  2931 | Temple   | Became a worshipper of the Wu Jian Council
  3217 | D:5      | Noticed Blork the orc
  3226 | D:5      | Killed Blork the orc
  3227 | D:5      | Reached XP level 8. HP: 56/58 MP: 8/8
  3469 | D:6      | Found a hazy altar of Hepliaklqana.
  3471 | D:6      | Found a blossoming altar of Fedhas.
  3475 | D:6      | Reached skill level 9 in Long Blades
  3475 | D:6      | Found a radiant altar of Vehumet.
  3475 | D:6      | Found a shadowy altar of Dithmenos.
  3483 | D:6      | Found a sacrificial altar of Ru.
  3681 | D:6      | Reached skill level 1 in Dodging
  3894 | D:6      | Reached * piety under Wu Jian
  4052 | D:7      | Reached skill level 10 in Long Blades
  4052 | D:7      | Gained mutation: You may rarely emit foul miasma when
                  | damaged in melee. [demonic ancestry]
  4052 | D:7      | Reached XP level 9. HP: 34/65 MP: 9/9
  4374 | D:7      | Reached ** piety under Wu Jian
  4782 | D:8      | Identified a scroll of acquirement
  4783 | D:8      | Acquired the amulet of the Hero {Will+ Regen+}
  4819 | D:8      | Noticed Erica
  4828 | D:8      | Killed Erica
  4829 | D:8      | Reached skill level 5 in Fighting
  4868 | D:8      | Noticed Joseph
  4882 | D:8      | Killed Joseph
  4883 | D:8      | Reached XP level 10. HP: 48/74 MP: 10/10
  4980 | D:8      | Reached skill level 11 in Long Blades
  5428 | D:9      | Paralysed by a hornet for 3 turns
  5432 | D:9      | Reached skill level 5 in Armour
  5464 | D:9      | Noticed a two-headed ogre
  5474 | D:9      | Killed a two-headed ogre
  5475 | D:9      | Reached skill level 5 in Shields
  5638 | D:9      | Reached *** piety under Wu Jian
  5668 | D:9      | Noticed a boulder beetle
  5699 | D:9      | Killed a boulder beetle
  5955 | D:10     | Entered Level 10 of the Dungeon
  6343 | D:10     | Found a staircase to the Lair.
  6459 | Lair:1   | Entered Level 1 of the Lair of Beasts
  6459 | Lair:1   | Found a runed translucent gate.
  6460 | Lair:1   | Found a runed translucent gate.
  6461 | Lair:1   | Found a runed translucent gate.
  6461 | Lair:1   | Noticed a boulder beetle
  6466 | Lair:1   | Gained mutation: You are robust. (+10% HP) [demonic
                  | ancestry]
  6466 | Lair:1   | Reached XP level 11. HP: 77/91 MP: 11/11
  6495 | Lair:1   | Reached skill level 12 in Long Blades
  6505 | Lair:1   | Reached skill level 5 in Dodging
  6531 | Lair:1   | Reached **** piety under Wu Jian
  6696 | Lair:1   | Noticed a minotaur
  7041 | Lair:1   | Noticed Flugkiller's ghost (journeyman FeCK)
  7392 | Lair:2   | Noticed a seven-headed hydra
  7403 | Lair:2   | Killed a three-headed hydra
  7519 | Lair:2   | Noticed Urug
  7528 | Lair:2   | Killed Urug
  7583 | Lair:2   | Noticed a death yak
  7584 | Lair:2   | Noticed a death yak
  7584 | Lair:2   | Noticed a death yak
  7584 | Lair:2   | Noticed a death yak
  7585 | Lair:2   | Noticed a death yak
  7626 | Lair:2   | Killed a death yak
  7627 | Lair:2   | Reached skill level 13 in Long Blades
  7627 | Lair:2   | Reached XP level 12. HP: 89/101 MP: 12/12
  7630 | Lair:2   | Noticed a death yak
  7641 | Lair:2   | Killed a death yak
  7653 | Lair:2   | Killed a death yak
  7658 | Lair:2   | Killed a death yak
  7665 | Lair:2   | Killed a death yak
  7665 | Lair:2   | Reached ***** piety under Wu Jian
  7674 | Lair:2   | Killed a death yak
  7757 | Lair:2   | Found a shimmering blue altar of Sif Muna.
  7831 | Lair:2   | Found a staircase to the Snake Pit.
  8205 | Lair:3   | Noticed a catoblepas
  8302 | Lair:2   | Killed a catoblepas
  8397 | Lair:3   | Noticed Amaemon
  8413 | Lair:3   | Killed Amaemon
  8441 | Lair:3   | Found a staircase to the Swamp.
  8475 | Lair:3   | Identified the +9 war axe of Trauma {distort, rPois}
  8564 | Lair:3   | Noticed a four-headed hydra
  8573 | Lair:3   | Killed a one-headed hydra
  8574 | Lair:3   | Reached skill level 14 in Long Blades
  8761 | Lair:4   | Reached XP level 13. HP: 48/110 MP: 13/13
  9234 | Lair:4   | Found a runed translucent gate.
  9234 | Lair:4   | Found a runed translucent gate.
  9234 | Lair:4   | Found a runed translucent gate.
  9234 | Lair:4   | Found a viscous altar of Jiyva.
  9234 | Lair:4   | Noticed an azure jelly
  9234 | Lair:4   | Noticed an azure jelly
  9234 | Lair:4   | Noticed an azure jelly
  9234 | Lair:4   | Noticed Kely's ghost (journeyman OpSh)
  9234 | Lair:4   | Noticed an azure jelly
  9234 | Lair:4   | Noticed an azure jelly
  9234 | Lair:4   | Noticed an acid blob
  9234 | Lair:4   | Noticed an azure jelly
  9330 | Lair:4   | Found a staircase to the Slime Pits.
  9707 | Lair:5   | Entered Level 5 of the Lair of Beasts
 10017 | Lair:5   | Found a shimmering altar of Xom.
 10094 | Lair:5   | Reached ****** piety under Wu Jian
 10111 | Lair:5   | Reached skill level 10 in Fighting
 10285 | Lair:5   | Noticed t4s4d4r's ghost (journeyman OpEE)
 10310 | Lair:5   | Found a runed translucent gate.
 10310 | Lair:5   | Found a runed translucent gate.
 10310 | Lair:5   | Found a runed translucent gate.
 10400 | Lair:5   | Gained mutation: You regenerate magic rapidly. [demonic
                  | ancestry]
 10400 | Lair:5   | Reached XP level 14. HP: 117/121 MP: 14/14
 11322 | Lair:5   | Killed t4s4d4r's ghost
 11562 | D:10     | Found a staircase to the Orcish Mines.
 11587 | D:10     | Reached skill level 15 in Long Blades
 12122 | Orc:1    | Entered Level 1 of the Orcish Mines
 12151 | Orc:1    | Reached skill level 10 in Armour
 12168 | Orc:1    | Found Nuesodiv's Magic Scroll Shoppe.
 12287 | Orc:1    | Found a dark tunnel.
 12324 | Volcano  | Entered a volcano
 12661 | Volcano  | Found a radiant altar of Vehumet.
 12691 | Volcano  | Reached skill level 10 in Shields
 13064 | Orc:2    | Entered Level 2 of the Orcish Mines
 13232 | Orc:2    | Found Relesec's Antique Armour Shoppe.
 13232 | Orc:2    | Found Nuwn's Magic Scroll Shoppe.
 13236 | Orc:2    | Found Kigoexof's Distillery.
 13237 | Orc:2    | Found Nuhogaw's Book Emporium.
 13291 | Orc:2    | Bought a scroll of acquirement for 728 gold pieces
 13291 | Orc:2    | Bought a scroll of fog for 56 gold pieces
 13291 | Orc:2    | Bought a scroll of enchant armour for 105 gold pieces
 13291 | Orc:2    | Bought a scroll of identify for 28 gold pieces
 13291 | Orc:2    | Bought a scroll of identify for 28 gold pieces
 13291 | Orc:2    | Bought a scroll of identify for 28 gold pieces
 13291 | Orc:2    | Bought a scroll of teleportation for 42 gold pieces
 13291 | Orc:2    | Bought a scroll of noise for 14 gold pieces
 13295 | Orc:2    | Acquired 533 gold pieces
 13516 | Orc:2    | Found a staircase to the Elven Halls.
 13723 | Orc:1    | Bought a scroll of identify for 24 gold pieces
 13723 | Orc:1    | Bought 3 scrolls of identify for 72 gold pieces
 13723 | Orc:1    | Bought a scroll of identify for 24 gold pieces
 13723 | Orc:1    | Bought a scroll of enchant armour for 90 gold pieces
 13723 | Orc:1    | Bought a scroll of teleportation for 36 gold pieces
 13723 | Orc:1    | Bought a scroll of blinking for 90 gold pieces
 13723 | Orc:1    | Bought a scroll of blinking for 90 gold pieces
 13723 | Orc:1    | Bought a scroll of enchant armour for 90 gold pieces
 13723 | Orc:1    | Bought a scroll of teleportation for 36 gold pieces
 13723 | Orc:1    | Bought a scroll of enchant weapon for 90 gold pieces
 13723 | Orc:1    | Bought a scroll of fear for 48 gold pieces
 13946 | D:11     | Gained mutation: You have an increased reservoir of magic.
                  | (+10% MP) [a neqoxec]
 14137 | D:11     | Gained mutation: You are completely covered in razor-sharp
                  | scales. (AC +3, Slay +3) [demonic ancestry]
 14137 | D:11     | Reached XP level 15. HP: 130/130 MP: 16/16
 14543 | D:12     | Reached skill level 10 in Dodging
 14709 | D:12     | Found a shadowy altar of Dithmenos.
 15278 | D:13     | Identified the +10 sling of the Pillar {freeze, rElec rCorr
                  | MP-9 SInv}
 15771 | D:14     | Found a gate to the Vaults.
 16348 | D:15     | Entered Level 15 of the Dungeon
 16348 | D:15     | Noticed Rupert
 16523 | Swamp:1  | Entered Level 1 of the Swamp
 16841 | Swamp:1  | Identified the ring "Qiatz" {rElec Str+3 Slay+4}
 17181 | Swamp:1  | Found a runed translucent door.
 17181 | Swamp:1  | Noticed Ywiyc's ghost (journeyman MeFi)
 17234 | Swamp:1  | Killed Ywiyc's ghost
 17275 | Swamp:2  | Reached skill level 16 in Long Blades
 17276 | Swamp:2  | Reached XP level 16. HP: 13/141 MP: 17/17
 17496 | Swamp:2  | Noticed a thorn hunter
 17514 | Swamp:2  | Killed a thorn hunter
 17811 | Swamp:3  | Noticed a thorn hunter
 18073 | Swamp:3  | Killed a thorn hunter
 18312 | Swamp:3  | Identified the +3 leather armour of Geerchuo {Contam rF+
                  | Will++ Int+3}
 18569 | Swamp:4  | Entered Level 4 of the Swamp
 18830 | Swamp:4  | Noticed Louise
 18842 | Swamp:4  | Killed Louise
 19239 | Swamp:4  | Reached skill level 17 in Long Blades
 19484 | Swamp:4  | Noticed the 27-headed Lernaean hydra
 19514 | Swamp:4  | Killed the 23-headed Lernaean hydra
 19679 | Swamp:4  | Got a decaying rune of Zot
 19710 | Swamp:4  | Learned a level 2 spell: Wereblood
 19932 | Snake:1  | Entered Level 1 of the Snake Pit
 19996 | Snake:1  | Reached skill level 1 in Transmutations
 20023 | Snake:1  | You fall into a shaft and drop 1 floor!
 20123 | Snake:2  | Reached XP level 17. HP: 101/149 MP: 18/18
 20176 | Snake:2  | Identified the +5 falchion of Qeadipn {heavy, *Slow Will+
                  | Str+2}
 20887 | Snake:2  | Found Munusen's Magic Scroll Shop.
 20921 | Snake:2  | Found Ipsiug's Antique Armour Boutique.
 20924 | Snake:2  | Found Fyepp's General Store.
 20935 | Snake:2  | Bought a scroll of acquirement for 1040 gold pieces
 20935 | Snake:2  | Acquired the +0 kite shield of Macaroni {rPois rC+ SInv}
 21660 | Snake:3  | Reached skill level 5 in Transmutations
 21808 | Snake:3  | Reached skill level 18 in Long Blades
 22032 | Snake:4  | Entered Level 4 of the Snake Pit
 23096 | Snake:4  | Gained mutation: You are very robust. (+20% HP) [demonic
                  | ancestry]
 23096 | Snake:4  | Reached XP level 18. HP: 90/176 MP: 19/19
 23154 | Snake:4  | Got a serpentine rune of Zot
 23523 | D:15     | Killed Rupert
 23807 | D:15     | Found a runed translucent gate.
 23808 | D:15     | Found a runed translucent gate.
 23809 | D:15     | Found a runed translucent gate.
 23847 | D:15     | Found an iron altar of Okawaru.
 23925 | D:15     | Found a staircase to the Depths.
 24250 | D:15     | Noticed Yohl's ghost (novice FoEE)
 24273 | D:15     | Killed Yohl's ghost
 24385 | Vaults:3 | Identified the "Saesuw"
 24385 | Vaults:3 | Identified the of Xugir
 24385 | WizLab   | Identified the "Weonon"
 24385 | Vaults:5 | Identified the "Cuca"
 24385 | Crypt:3  | Identified the "Getoop"
 24385 | Depths:1 | Entered Level 1 of the Depths
 24421 | Depths:1 | Noticed a lich
 24432 | Depths:1 | Killed a lich
 24491 | Depths:1 | Found Cimymoo's Weapon Boutique.
 24494 | Depths:1 | Found Syurcho's Distillery.
 24494 | Depths:1 | Found Ekaanoqu's Antique Weapon Boutique.
 24500 | Depths:1 | Found Peajario's Antique Armour Shop.
 24517 | Depths:1 | Bought an ancient chain mail for 399 gold pieces
 24517 | Depths:1 | Identified the +1 chain mail of Serat {Will- Int-3 Dex+9
                  | SInv} (You bought it in a shop on level 1 of the Depths)
 24607 | Depths:1 | Found a gateway to Hell.
 24658 | Depths:1 | Reached skill level 1 in Spellcasting
 24660 | Depths:1 | Reached skill level 19 in Long Blades
 24903 | Depths:1 | Reached skill level 15 in Fighting
 24988 | Depths:1 | Found Nelij's Neck Hole.
 25002 | Depths:1 | Bought a scarf of repulsion for 264 gold pieces
 25367 | Depths:2 | Identified the +4 scimitar of Strategic Superiority {flame,
                  | rN+ rCorr Dex-3 SInv}
 25377 | Depths:2 | Found a one-way gate leading to the halls of Pandemonium.
 25377 | Depths:2 | Identified the +3 kite shield of the Constellations {Int+4}
 25377 | Depths:2 | Noticed Asterion
 25563 | Depths:2 | Identified the amulet "Petosar" {Reflect Int-4 Dex+3 Slay+2
                  | SH+5 Stlth+}
 25624 | Depths:2 | Found the +8 storm bow {elec, penet}
 25713 | Depths:2 | Found a blossoming altar of Fedhas.
 25765 | Depths:2 | Noticed a lich
 25775 | Depths:2 | Killed a lich
 26191 | Depths:2 | Killed Asterion
 26302 | Depths:2 | Found a one-way gate to the infinite horrors of the Abyss.
 26599 | Depths:2 | Upgraded the game from 0.31-a0-960-g0fca184906 to
                  | 0.31-a0-963-ga325b2283a
 26713 | Depths:3 | Gained mutation: When hurt, damage is shared between your
                  | health and your magic reserves. [demonic ancestry]
 26713 | Depths:3 | Reached XP level 19. HP: 137/186 MP: 26/26
 26920 | Depths:3 | Identified the +8 quarterstaff of the Poles {elec, rPois
                  | rN+++ Will- Str+3 Int+3}
 27540 | Depths:4 | Entered Level 4 of the Depths
 27635 | Abyss:2  | Cast into level 2 of the Abyss (an occultist)
 27718 | Abyss:2  | Found a corrupted altar of Lugonu.
 27766 | Abyss:2  | Found a candlelit altar of Ignis.
 27911 | Abyss:2  | Reached skill level 20 in Long Blades
 28105 | Abyss:2  | Reached skill level 15 in Shields
 28140 | Abyss:2  | Gained mutation: Your muscles are strong. (Str +4, Int/Dex
                  | -1) [a neqoxec]
 28151 | Abyss:2  | Found a corrupted altar of Lugonu.
 28155 | Depths:4 | Escaped the Abyss
 28167 | Depths:3 | Reached skill level 5 in Spellcasting
 28438 | Snake:2  | Bought an ichor-stained scale mail for 324 gold pieces
 28438 | Snake:2  | Identified the +6 scale mail "Ozoopaf" {Str+3} (You bought
                  | it in a shop on level 2 of the Snake Pit)
 28442 | Snake:2  | Bought a +0 demon blade of electrocution for 395 gold
                  | pieces
 28635 | Elf:1    | Identified the "Qieniekk"
 28635 | Desolati | Identified the "Qeuqe"
 28635 | Desolati | Identified the of Necvik
 28635 | Elf:1    | Entered Level 1 of the Elven Halls
 28712 | Elf:1    | Noticed Donald
 28714 | Elf:1    | Killed Donald
 28727 | Elf:1    | Found a crumbling gateway.
 28747 | Desolati | Entered the Desolation of Salt
 28812 | Desolati | Identified the ring "Trusted Companion" {Wiz *Corrode rPois
                  | Int+5}
 28817 | Desolati | Identified the +9 falchion "Socabb" {elec, rElec rPois
                  | rF++}
 29215 | Desolati | Identified the +6 flail of Anguish {heavy, Fly rElec rC-
                  | Int+3}
 29216 | Desolati | Identified the +7 scale mail of the Sunfish {*Corrode rElec
                  | rC+}
 29230 | Desolati | Identified the +5 halberd "Warit" {flame, rPois rN+ Dex+3}
 29252 | Desolati | Found the ring of the Hare {EV+10}
 29269 | Desolati | Identified the +8 scimitar of Dullness {elec, rC++ rN+ MP+9
                  | Str-2}
 29279 | Desolati | Identified the ring of Light {Ice Int+3}
 29450 | Elf:1    | Reached XP level 20. HP: 193/196 MP: 31/31
 29530 | Elf:1    | Noticed Jorgrun
 29536 | Elf:1    | Killed Jorgrun
 29603 | Elf:1    | Noticed Kirke
 29619 | Elf:1    | Killed Kirke
 29668 | Elf:1    | Paralysed by you for 5 turns
 29673 | Abyss:4  | Cast into level 4 of the Abyss (a deep elf sorcerer)
 29695 | Abyss:4  | Found a corrupted altar of Lugonu.
 29727 | Abyss:4  | Noticed a bone dragon
 29744 | Abyss:4  | Killed a bone dragon
 29750 | Abyss:4  | Found a corrupted altar of Lugonu.
 29804 | Abyss:4  | Paralysed by accursed screaming for 2 turns
 30024 | Abyss:4  | Found a corrupted altar of Lugonu.
 30069 | Abyss:4  | Noticed a bone dragon
 30086 | Abyss:4  | Killed a bone dragon
 30111 | Abyss:4  | Paralysed by accursed screaming for 1 turns
 30203 | Abyss:4  | Got an abyssal rune of Zot
 30212 | Elf:1    | Escaped the Abyss
 30475 | Elf:1    | Noticed Frances
 30485 | Elf:1    | Killed Frances
 31222 | Elf:2    | Found a runed translucent gate.
 31223 | Elf:2    | Found a runed translucent gate.
 31223 | Elf:2    | Found a runed translucent gate.
 31688 | Elf:3    | Identified the of Gobiwn
 31688 | Elf:3    | Entered Level 3 of the Elven Halls
 31688 | Elf:3    | Found Nimid's Magic Scroll Shoppe.
 31709 | Elf:3    | Noticed Bai Suzhen
 31727 | Elf:3    | Killed Bai Suzhen
 31728 | Elf:3    | Gained mutation: You are extremely robust. (+30% HP)
                  | [demonic ancestry]
 31728 | Elf:3    | Reached XP level 21. HP: 192/224 MP: 33/35
 31761 | Abyss:4  | Cast into level 4 of the Abyss (a deep elf demonologist)
 31783 | Abyss:4  | Found a corrupted altar of Lugonu.
 31792 | Elf:3    | Escaped the Abyss
 31809 | Elf:3    | Lost mutation: You have an increased reservoir of magic.
                  | (+10% MP) [a cacodemon]
 31811 | Elf:3    | Identified the amulet of Divine Intervention {Spirit
                  | *Corrode rN+ MP+9}
 31824 | Elf:3    | Identified the +9 dagger of Calamity {vamp, rElec rF+ MP+9
                  | Str-5}
 32091 | Elf:3    | Identified the staff "Grim Tooth" {rElec rN++ Will- Air}
 32710 | Vaults:1 | Entered Level 1 of the Vaults
 32779 | Vaults:1 | Noticed Norris
 32794 | Vaults:1 | Killed Norris
 33412 | Vaults:1 | Reached skill level 21 in Long Blades
 33881 | Vaults:2 | Found Zivinnuo's Weapon Shoppe.
 34387 | Vaults:2 | Found a staircase to the Crypt.
 34387 | Vaults:2 | Found an ancient bone altar of Kikubaaqudgha.
 34387 | Vaults:2 | Found a basalt altar of Yredelemnul.
 34962 | Vaults:3 | Found a magical portal.
 34967 | WizLab   | Entered Cigotuvi's Fleshworks
 35032 | WizLab   | Gained mutation: Armour fits poorly on your strangely
                  | shaped body. [mutagenic glow]
 35049 | WizLab   | Gained mutation: Your body sometimes deteriorates upon
                  | taking damage. [mutagenic glow]
 35078 | WizLab   | Gained mutation: Your mind is acute. (Int +4, Str/Dex -1)
                  | [mutagenic glow]
 35166 | WizLab   | Reached skill level 15 in Armour
 35523 | WizLab   | Found the -2 hat of the Alchemist {rElec rPois rF+ rC+ rN+
                  | Will+ rMut rCorr}
 35558 | WizLab   | Gained mutation: When low on magic, you restore magic in
                  | place of health. [demonic ancestry]
 35558 | WizLab   | Reached XP level 22. HP: 237/237 MP: 35/35
 35825 | Vaults:3 | Lost mutation: Armour fits poorly on your strangely shaped
                  | body. [potion of mutation]
 35825 | Vaults:3 | Lost mutation: Your mind is acute. (Int +4, Str/Dex -1)
                  | [potion of mutation]
 35825 | Vaults:3 | Gained mutation: Your magical capacity is low. (-10% MP)
                  | [potion of mutation]
 35826 | Vaults:3 | Lost mutation: Your magical capacity is low. (-10% MP)
                  | [potion of mutation]
 35826 | Vaults:3 | Lost mutation: Your body sometimes deteriorates upon taking
                  | damage. [potion of mutation]
 35826 | Vaults:3 | Lost mutation: Your muscles are strong. (Str +4, Int/Dex
                  | -1) [potion of mutation]
 35826 | Vaults:3 | Gained mutation: Your flesh is cold resistant. (rC+)
                  | [potion of mutation]
 36030 | Vaults:3 | Identified the +10 hand axe "Eceifu Peiph" {freeze, Str+3}
 37161 | Vaults:3 | Reached skill level 15 in Dodging
 37734 | Vaults:4 | Reached skill level 10 in Spellcasting
 38657 | Vaults:5 | Entered Level 5 of the Vaults
 38698 | Vaults:5 | Reached XP level 23. HP: 249/249 MP: 37/37
 38764 | Vaults:5 | Noticed a dread lich
 38771 | Vaults:5 | Killed a dread lich
 38873 | Vaults:5 | Identified the staff of Iwaclelo {rC+ rN+ MP+9 Stlth- Ice}
 39172 | Vaults:5 | Reached skill level 22 in Long Blades
 39188 | Vaults:5 | Identified the +3 flail of Midsummer {freeze, rF+}
 39304 | Vaults:5 | Identified the +0 scale mail of the Gusle {Str+6}
 39330 | Vaults:5 | Identified the +7 long sword of Terror {pain, rC+ rCorr
                  | SInv}
 39370 | Vaults:5 | Found the +3 pair of mountain boots {steadfast, rC+}
 39387 | Vaults:5 | Got a silver rune of Zot
 39390 | Vaults:5 | Identified the +2 robe "Eruunk" {rF+ Int+2}
 39418 | Vaults:5 | Identified the +9 longbow "Onank" {speed, rF++ rC-}
 39520 | Vaults:5 | Found Zecy's Armour Shoppe.
 40425 | Snake:2  | Bought the ring "Enahos" {rElec rC++ rN+ Int+2 Dex-2 SInv}
                  | for 507 gold pieces
 40547 | Zot:3    | Identified the of Qewyrghy
 40547 | Zot:5    | Identified the "Moran"
 40547 | Slime:1  | Entered Level 1 of the Pits of Slime
 40574 | Slime:1  | Reached skill level 1 in Air Magic
 40579 | Slime:1  | Reached skill level 1 in Evocations
 40752 | Slime:3  | Reached skill level 1 in Translocations
 40884 | Slime:5  | Identified the "Efimimag"
 40884 | Slime:5  | Entered Level 5 of the Pits of Slime
 40991 | Slime:5  | Reached XP level 24. HP: 171/261 MP: 36/38
 41077 | Slime:5  | Found a viscous altar of Jiyva.
 41088 | Slime:5  | Noticed the Royal Jelly
 41194 | Slime:5  | Gained mutation: You sometimes lose your temper in combat.
                  | [a shining eye]
 41386 | Slime:5  | Killed the Royal Jelly
 41618 | Slime:5  | Identified the ring of Lugged {+Blink rF+ rC- Int+4}
 41633 | Slime:5  | Identified the scarf of Defiance {repulsion, Regen+}
 41661 | Slime:5  | Got a slimy rune of Zot
 41662 | Slime:5  | Identified the ring of Recklessness {Dex+6 Stlth+}
 41664 | Slime:5  | Identified the +7 broad axe of Pourog {venom, rN+ Dex+3}
 41665 | Slime:5  | Identified the +1 robe of the Scorching Gods {rF++ rC-}
 41681 | Slime:5  | Learned a level 4 spell: Vhi's Electric Charge
 41683 | Slime:5  | Lost mutation: You sometimes lose your temper in combat.
                  | [potion of mutation]
 41683 | Slime:5  | Lost mutation: Your flesh is cold resistant. (rC+) [potion
                  | of mutation]
 41683 | Slime:5  | Gained mutation: Armour fits poorly on your strangely
                  | shaped body. [potion of mutation]
 41683 | Slime:5  | Gained mutation: You expend magic power (3 MP) to
                  | strengthen your wands. [potion of mutation]
 41683 | Slime:5  | Gained mutation: You have sharp toenails. [potion of
                  | mutation]
 41684 | Slime:5  | Lost mutation: You expend magic power (3 MP) to strengthen
                  | your wands. [potion of mutation]
 41684 | Slime:5  | Lost mutation: You have sharp toenails. [potion of
                  | mutation]
 41684 | Slime:5  | Lost mutation: Armour fits poorly on your strangely shaped
                  | body. [potion of mutation]
 41684 | Slime:5  | Gained mutation: You do not regenerate when monsters are
                  | visible. [potion of mutation]
 41684 | Slime:5  | Lost mutation: You do not regenerate when monsters are
                  | visible. [potion of mutation]
 41684 | Slime:5  | Gained mutation: You are partially covered in large bone
                  | plates. (SH +4) [potion of mutation]
 41684 | Slime:5  | Gained mutation: Your mind is acute. (Int +4, Str/Dex -1)
                  | [potion of mutation]
 41800 | Slime:5  | Identified the +1 cloak of Sloth {Harm Will+ Dex-5 SInv}
 42538 | Lair:1   | Killed Flugkiller's ghost
 42979 | Depths:4 | Learned a level 2 spell: Lesser Beckoning
 43074 | Depths:4 | Found a gate to the Realm of Zot.
 43131 | Depths:4 | Noticed an ancient lich
 43160 | Depths:4 | Reached skill level 5 in Evocations
 43213 | Depths:4 | Reached skill level 5 in Air Magic
 43396 | Depths:4 | Found a one-way gateway to a ziggurat.
 43513 | Depths:4 | Killed an ancient lich
 43515 | Depths:4 | Paralysed by a sphinx for 3 turns
 43521 | Depths:4 | Paralysed by a sphinx for 3 turns
 43633 | Depths:4 | Acquired 848 gold pieces
 44399 | Tomb:3   | Identified the "Plog"
 44399 | Tar:7    | Identified the "Ziwkiorgh"
 44399 | Tar:7    | Identified the "Lawar"
 44399 | Pan      | Entered Pandemonium
 44565 | Pan      | Found a transporter.
 44741 | Pan      | Paralysed by accursed screaming for 1 turns
 44767 | Pan      | Gained mutation: You do not regenerate when monsters are
                  | visible. [a cacodemon]
 44776 | Pan      | Lost mutation: You do not regenerate when monsters are
                  | visible. [potion of mutation]
 44776 | Pan      | Lost mutation: Your mind is acute. (Int +4, Str/Dex -1)
                  | [potion of mutation]
 44776 | Pan      | Gained mutation: You expend magic power (3 MP) to
                  | strengthen your wands. [potion of mutation]
 44776 | Pan      | Gained mutation: You are clumsy. (Dex -2) [potion of
                  | mutation]
 44776 | Pan      | Gained mutation: Your muscles are strong. (Str +4, Int/Dex
                  | -1) [potion of mutation]
 44941 | Pan      | Found a transporter.
 45329 | Pan      | Paralysed by a Zot trap for 3 turns
 45335 | Pan      | Gained mutation: You are occasionally teleported next to
                  | monsters. [mutagenic glow]
 45354 | Pan      | Lost mutation: Your muscles are strong. (Str +4, Int/Dex
                  | -1) [mutagenic glow]
 45369 | Pan      | Lost mutation: You are occasionally teleported next to
                  | monsters. [mutagenic glow]
 45388 | Pan      | Gained mutation: Your magical capacity is low. (-10% MP)
                  | [mutagenic glow]
 45535 | Pan      | Lost mutation: Your magical capacity is low. (-10% MP) [a
                  | cacodemon]
 45536 | Pan      | Gained mutation: Your body sometimes deteriorates upon
                  | taking damage. [a cacodemon]
 45746 | Pan      | Identified the +8 orcbow of Cuguxog {freeze, rC+ rCorr}
 45757 | Pan      | Identified the +0 short sword of Wu Jian's Condemnation
                  | {elec, Str+4}
 45758 | Pan      | Identified the amulet of Temepad {Acrobat rC- rCorr Int+4
                  | Stlth+}
 45760 | Pan      | Lost mutation: You expend magic power (3 MP) to strengthen
                  | your wands. [potion of mutation]
 45760 | Pan      | Lost mutation: You are partially covered in large bone
                  | plates. (SH +4) [potion of mutation]
 45760 | Pan      | Gained mutation: You are strong-willed. (Will+) [potion of
                  | mutation]
 45760 | Pan      | Lost mutation: You are clumsy. (Dex -2) [potion of
                  | mutation]
 45761 | Pan      | Lost mutation: Your body sometimes deteriorates upon taking
                  | damage. [potion of mutation]
 45761 | Pan      | Lost mutation: You are strong-willed. (Will+) [potion of
                  | mutation]
 45761 | Pan      | Gained mutation: You occasionally shout uncontrollably at
                  | your foes. [potion of mutation]
 45768 | Pan      | Identified the ring of Lemeckar {rC- Will+++ MP+9 Str+2
                  | Dex-5}
 45852 | Pan      | Noticed Quesity the pandemonium lord
 45876 | Pan      | Gained mutation: You sometimes emit foul miasma when
                  | damaged in melee. [demonic ancestry]
 45876 | Pan      | Reached XP level 25. HP: 48/263 MP: 19/39
 45880 | Pan      | HP: 12/255 [Quesity the pandemonium lord (1)]
 45887 | Pan      | Killed Quesity the pandemonium lord
 45896 | Pan      | HP: 13/260 [war gargoyle/spray of metal splinters[a
                  | demonspawn corrupter] (5)]
 46031 | Pan      | Got a demonic rune of Zot
 46204 | Pan      | Reached skill level 5 in Translocations
 46524 | Pan      | Acquired the +0 pair of gloves of Datu {Str+5 Dex+4}
 46902 | Pan      | Noticed Lyellil the pandemonium lord
 47215 | Pan      | Found an exit through the horrors of the Abyss.
 47355 | Pan      | Noticed Kuatras the pandemonium lord
 47386 | Pan      | Demolished by Kuatras the pandemonium lord

Illustrated notes

Levels and vault maps discovered:
D:1:      dpeg_arrival_line_fractal, layout_loops_cross,
          dreamdust_ecumenical_altar_angels_and_demons
D:2:      layout_loops_ring, minivault_5, serial_park_tiny_1, eino_tiny_chamber,
          uniq_sigmund
D:3:      layout_rooms, uniq_grinder, uniq_natasha
D:4:      layout_cave_pods, mainiacjoe_overflow_paths, uniq_eustachio
D:5:      layout_cave_pools, minmay_temple_entry_offerings, uniq_blork_the_orc
D:6:      layout_basic, nicolae_tso_besieged_by_evil,
          nicolae_overflow_hallway_of_the_gods, minmay_between
D:7:      layout_gridville
D:8:      layout_loops_ring, uniq_joseph, uniq_erica
D:9:      layout_stronghold, serial_bayou_pond_e, st_stairs_1, dk_noncrumbling_2
D:10:     layout_grid_maze, erik_lair_island, david_orc_5, abandoned_shop
D:11:     layout_irregular_city, serial_demonic, serial_demonic_c,
          serial_demonic_e, serial_demonic_b, serial_demonic_e,
          serial_demonic_c, serial_demonic_c, serial_demonic_a,
          serial_demonic_d, serial_demonic_g, serial_demonic_b
D:12:     layout_cave_pools, grunt_dithmenos_smoke_and_mirrors
D:13:     layout_loops_cross
D:14:     layout_gridville, grunt_vaults_entry_tiered, grunt_ogre_cave
D:15:     hangedman_depths_entry_civil_slaughter, layout_small_grid,
          okawaru_ov_weapons_minmay, gammafunk_ghost_necromancy, uniq_rupert
Temple:   nicolae_temple_bog_church
Lair:1:   layout_misc_corridors, maelrawn_ghost_gauntlet_escape, special_room
          [special_room_bee], grunt_forest_stairs_basic,
          hangedman_lair_unloving_vines, lemuel_fruit_tree
Lair:2:   layout_cellular_growth, nicolae_snake_entry_squirm, basic_altar,
          uniq_urug
Lair:3:   layout_misc_corridors, skrybe_swamp_entry_bodies, evilmike_ambush
          [evilmike_ambush_outer_corners, evilmike_ambush_inner_basic],
          infiniplex_staircase_pool_2, uniq_amaemon
Lair:4:   layout_cave_pods, slime_entry_2, gammafunk_ghost_ooze,
          grunt_megastairs_2
Lair:5:   evilmike_catoblepas_cave, layout_gridlike, basic_altar,
          gammafunk_ghost_icy, nicolae_lair_yak_garden, grunt_megastairs_5
Swamp:1:  layout_basic_swamp, ebering_ghost_inner_flame, hangedman_swamp_lotus,
          swamp_pool4
Swamp:2:  layout_basic_swamp, nicolae_swamp_some_circles
Swamp:3:  layout_basic_swamp, evilmike_swamp_ruin_rubble_2
Swamp:4:  swamp_basic_johnstein, layout_basic_swamp, uniq_louise
Snake:1:  nicolae_snake_nest, layout_basic, abandoned_shop, st_stairs_7
Snake:2:  layout_rooms, minmay_shop_star
Snake:3:  layout_misc_corridors, serial_bayou_pond_b, abandoned_shop
Snake:4:  snake_pit, layout_misc_corridors, nicolae_snake_springs
Slime:1:  layout_caves
Slime:2:  layout_caves
Slime:3:  layout_caves
Slime:4:  layout_caves, cheibrodos_slime_lost_civilization_4
Slime:5:  slime_pit_nicolae_amoeboid
Orc:1:    layout_caves, serial_shops, nicolae_shop_trees,
          nicolae_volcano_entry_vermiform
Orc:2:    st_orc_mages, layout_caves
Elf:1:    eino_elf_arrival_sip, layout_geoelf_diagonals,
          portal_desolation_entry_nicolae_nacl, minmay_elf_sorcery,
          nrook_mini_backslash, grunt_megastairs_4, uniq_jorgrun, uniq_donald,
          uniq_kirke, uniq_frances
Elf:2:    nicolae_elf_blades_crystal_corner, layout_gridlike
Elf:3:    grunt_elf_hall_spiral, layout_onion_city, serial_shops, shop,
          uniq_bai_suzhen
Vaults:1: v_alt_pattern_4, hangedman_vaults_capsules,
          nicolae_vaults_variable_pillar_hall, ontoclasm_vaults_pinch,
          nicolae_vaults_little_squares_1, nicolae_vaults_trapezoid_3,
          nicolae_vaults_shipping_containers_4, nicolae_vaults_circle_grid_b,
          layout_vaults_omnigrid, uniq_norris
Vaults:2: nicolae_vaults_closet_pinwheel_1, grunt_vaults_diagonal,
          nicolae_vaults_ellipses_ellipsis, nicolae_vaults_security_offices_5,
          nicolae_vaults_house_3, hangedman_vaults_variations,
          grunt_vaults_twisty, minmay_crypt_entry_necro_gods,
          nicolae_vaults_puzzle_piece, nicolae_vaults_trapezoid_4,
          nicolae_vaults_house_2, layout_vaults_omnibox, serial_shops, shop
Vaults:3: mu_enter_wizlab_1, nicolae_vaults_network_barrier, v_rooms_2,
          nicolae_vaults_double_plus_1, nicolae_vaults_tetromino_T_2,
          ontoclasm_vaults_tryst, grunt_vaults_hallway_long,
          nicolae_vaults_weapon_check, vaults_dpeg_hooks,
          nicolae_vaults_surprise_closet, nicolae_vaults_shipping_containers_5,
          v_misc_33, hangedman_vaults_trim, layout_vaults_omnicross,
          serial_hangedman_research, hangedman_research_pyrotechnics,
          hangedman_research_probablistics
Vaults:4: nicolae_vaults_puzzle_piece, grunt_vaults_swirl, v_rooms_1,
          nicolae_vaults_wrenched, v_misc_28, nicolae_vaults_angled_halls,
          vaults_room_pool, vaults_room_fours,
          nicolae_vaults_offset_grid_hallway_1, layout_vaults_chaotic_city
Vaults:5
Depths:1: layout_gridville, hell_entry, nicolae_titane,
          chequers_serial_rivers_room_a, nicolae_shop_sticking_my_neck_out,
          firewood_loft, serial_bayou_shore_a, minmay_shoptagon
Depths:2: minmay_shoctagon, layout_gridlike, pan_entry, hell_entry,
          abyss_entry_glasseish, fedhas_altar_4, minmay_staircase_bubble,
          uniq_asterion
Depths:3: dreamdust_hydra_shepherd, layout_cave_pools, minmay_room_of_horrors,
          serial_rivers, chequers_serial_rivers_room_a,
          chequers_serial_rivers_large_b, chequers_serial_rivers_micro_a,
          chequers_serial_rivers_micro_d, hell_entry, minmay_strange_pillars,
          infiniplex_staircase_squiggle
Depths:4: hangedman_pleasuredromes, abyss_entry, hell_entry
Pan:      gammafunk_its_a_trap, layout_cellular_growth,
          pan_blood_fountain_small, rand_demon_6, layout_gridville,
          pan_blood_fountain_2, evilmike_mini_pan_other_thingy,
          layout_cellular_growth, pan_blood_fountain_small,
          evilmike_mini_pan_branches, layout_basic, nicolae_pan_gloorx_vloqian_3

Skill      XL: |  1  2  3  4  5  6  7  8  9 10 11 12 13 14 15 16 17 18 19 20 21 22 23 24 25 |
---------------+----------------------------------------------------------------------------+-----
Long Blades    | 2 5 6 7 8 10 11 13 14 15 16 17 18 19 20 21 22 | 22.5
Armour         | 3 4 5 7 8 9 10 11 12 13 14 15 16 17 | 17.1
Dodging        | 2 3 4 6 7 8 9 11 12 13 14 15 16 | 16.8
Shields        | 3 4 5 6 7 9 10 11 12 13 14 15 16 17 18 | 18.7
Fighting       | 5 6 7 8 10 11 12 13 14 15 16 17 18 19 | 19.7
Transmutations | 1 7 8 |  8.3
Spellcasting   | 3 5 7 9 10 11 12 | 12.4
Air Magic      | 3 6 7 |  7.8
Evocations     | 3 6 |  6.1
Translocations | 1 4 5 |  5.3

Action                     |  1- 3 |  4- 6 |  7- 9 | 10-12 | 13-15 | 16-18 | 19-21 | 22-24 | 25-27 || total
---------------------------+-------+-------+-------+-------+-------+-------+-------+-------+-------++-------
  Melee: Long sword        |    73 |    74 |   323 |       |       |       |       |       |       ||   470
         Headbutt          |       |    12 |    71 |   117 |   390 |   421 |   450 |   775 |   117 ||  2353
         Scimitar          |       |       |     9 |   604 |  1636 |  1471 |   382 |       |       ||  4102
         Demon blade       |       |       |       |       |       |       |  1203 |  2477 |   409 ||  4089
         Unarmed           |       |       |       |       |       |       |    31 |     8 |       ||    39
  Throw: Dart              |       |       |       |     4 |       |     1 |       |       |       ||     5
         Throwing net      |       |       |       |     2 |       |       |       |       |       ||     2
   Cast: Wereblood         |       |       |       |       |       |     3 |    18 |    23 |     3 ||    47
         Vhi's Electric Ch |       |       |       |       |       |       |       |     1 |       ||     1
 Invoke: Serpent's Lash    |       |       |       |     1 |     1 |     3 |     2 |     4 |     3 ||    14
         Heavenly Storm    |       |       |       |       |     1 |     4 |     4 |     7 |       ||    16
Ability: Whirlwind         |       |       |    25 |   165 |   529 |   319 |   421 |   868 |   106 ||  2433
         Lunge             |       |       |    17 |    52 |    88 |   135 |   136 |   141 |    26 ||   595
         Wall Jump         |       |       |       |       |       |       |       |     1 |       ||     1
  Evoke: Wand              |       |       |     8 |     5 |       |     2 |     2 |       |       ||    17
    Use: Potion            |     1 |       |     2 |     1 |       |     5 |     5 |    20 |     1 ||    35
         Scroll            |       |       |    15 |     3 |    13 |     8 |    12 |    22 |     2 ||    75
   Stab: Petrifying        |       |       |       |     3 |     2 |       |       |       |       ||     5
         Petrified         |       |       |       |       |     5 |       |       |       |       ||     5
         Sleeping          |       |       |       |       |     4 |     7 |     8 |     6 |       ||    25
         Distracted        |       |       |       |       |       |       |     1 |       |       ||     1
 Armour: Scale mail        |    54 |     5 |       |       |       |       |       |       |       ||    59
         Ring mail         |       |    31 |   250 |   298 |   634 |   710 |   450 |   681 |   101 ||  3155
         Swamp dragon scal |       |       |       |       |       |    99 |       |       |       ||    99
         Skin              |       |       |       |       |       |       |    21 |    18 |       ||    39
  Dodge: Dodged            |    26 |    26 |   164 |   232 |   564 |   609 |   539 |  1109 |   162 ||  3431
         Repelled          |       |       |       |       |       |     4 |    19 |    27 |     3 ||    53
  Block: Buckler           |    18 |    10 |    77 |   129 |   200 |       |       |       |       ||   434
         Kite shield       |       |       |       |       |   217 |   584 |   798 |  1167 |       ||  2766
         Tower shield      |       |       |       |       |       |   243 |       |   689 |   362 ||  1294
         Reflection        |       |       |       |       |       |       |    83 |    66 |       ||   149

Table legend: (Time is in decaauts)
 A = Elapsed time spent in this place.
 B = Non-inter-level travel time spent in this place.
 C = Inter-level travel time spent in this place.
 D = Time resting spent in this place.
 E = Time spent auto-exploring this place.
 F = Levels seen in this place.
 G = Mean time per level.
                   A        B        C        D        E       F      G
               +--------+--------+--------+--------+--------+-----+--------+
         Total |  46773 |  42672 |   4101 |    558 |  29057 |  58 |  806.4 |
       Dungeon |  11081 |  10008 |   1073 |      0 |   7747 |  15 |  738.7 |
        Temple |     37 |     24 |     13 |      0 |      0 |   1 |   37.0 |
          Lair |   5852 |   4653 |   1199 |     31 |   3401 |   5 | 1170.4 |
         Swamp |   3541 |   3278 |    263 |    100 |   2236 |   4 |  885.2 |
     Snake Pit |   3543 |   3226 |    317 |    100 |   2077 |   4 |  885.8 |
    Slime Pits |   1784 |   1713 |     71 |    254 |    734 |   5 |  356.8 |
  Orcish Mines |   1182 |   1072 |    110 |      0 |    704 |   2 |  591.0 |
   Elven Halls |   2688 |   2564 |    124 |      0 |   1815 |   3 |  896.0 |
        Vaults |   6704 |   6176 |    528 |      0 |   4596 |   5 | 1340.8 |
        Depths |   4511 |   4113 |    398 |      2 |   2841 |   4 | 1127.8 |
         Abyss |   1025 |   1025 |      0 |     71 |    190 |   3 |  341.7 |
   Pandemonium |   2820 |   2820 |      0 |      0 |   1683 |   4 |  705.0 |
       Volcano |    534 |    534 |      0 |      0 |    283 |   1 |  534.0 |
        Wizlab |    836 |    836 |      0 |      0 |    397 |   1 |  836.0 |
    Desolation |    630 |    630 |      0 |      0 |    349 |   1 |  630.0 |
               +--------+--------+--------+--------+--------+-----+--------+

Top non-repeatable levels by time:
  Lair:5: 1620 daAuts
Vaults:3: 1531 daAuts
Vaults:5: 1433 daAuts
Vaults:4: 1419 daAuts
 Swamp:4: 1363 daAuts
  Lair:1: 1274 daAuts
Depths:2: 1246 daAuts
 Slime:5: 1240 daAuts
  Lair:4: 1234 daAuts
  Lair:2: 1195 daAuts
Depths:1: 1182 daAuts
Vaults:1: 1167 daAuts
Vaults:2: 1153 daAuts
Depths:4: 1114 daAuts
 Snake:4: 1103 daAuts
